 Dungeon Crawl Stone Soup version 0.31-a0-1611-g890cdf5628 (webtiles) character file.

Game seed: 5436630455571127059

105 Drazool the Magician (level 5, -1/40 HPs)
             Began as a Djinni Fire Elementalist on Jan 8, 2024.
             Slain by a sleepcap (4 damage)
             ... on level 3 of the Dungeon.
             The game lasted 00:07:51 (2367 turns).

Drazool the Magician (Djinni Fire Elementalist)     Turns: 2367, Time: 00:07:53

Health: -1/40      AC:  2    Str:  7    XL:     5   Next: 8%
Gold:   56         EV: 12    Int: 19    God:
                   SH:  0    Dex: 19

rFire   + + .        (no weapon)
rCold   x . .        (no shield)
rNeg    + . .        a - +0 robe
rPois   ∞            (no helmet)
rElec   .            f - scarf {shadows}
rCorr   .            (no gloves)
SInv    .            (boots unavailable)
Will    .....        e - amulet of the acrobat
Stlth   ++           N - ring of positive energy
HPRegen 0.26/turn    D - +6 ring of dexterity
MPRegen 0.00/turn

%: acrobat, infuse magic (-2 HP)
@: flying, very slightly contaminated
A: sickness immunity, fire resistance 2, cold vulnerability 1, float, innate
caster, HP casting, extra vitality 1
a: no special abilities


You were on level 3 of the Dungeon.
You visited 1 branch of the dungeon, and saw 3 of its levels.

You collected 56 gold pieces.


Innate Abilities, Weirdness & Mutations

You are immune to sickness and miasma.
You are immune to poison.
Your flesh is very heat resistant. (rF++)
You are vulnerable to cold. (rC-)
You float through the air rather than walking.
You learn spells naturally, not from books.
Your magical power is your life essence.
You have superior vitality. (+4 MHP)


   Skills:
 + Level 2.9 Fighting
 - Level 2.1 Dodging
 - Level 1.5 Stealth
 - Level 4.0 Spellcasting
 - Level 4.0 Conjurations
 - Level 4.0 Hexes
 - Level 4.0 Summonings
 - Level 4.0 Necromancy
 - Level 4.0 Translocations
 - Level 4.0 Fire Magic
 - Level 4.0 Ice Magic
 - Level 4.0 Air Magic
 - Level 4.0 Earth Magic
 - Level 4.0 Alchemy


You knew the following spells:

 Your Spells              Type           Power      Damage    Failure   Level
a - Mercury Vapours       Alch/Air       38%        N/A       4%          2
f - Foxfire               Conj/Fire      76%        2x1d7     2%          1
m - Magic Dart            Conj           76%        1d6       2%          1
r - Inner Flame           Hex/Fire       19%        N/A       8%          3
X - Scorch                Fire           38%        2d6       4%          2
Y - Volatile Blastmotes   Fire/Tloc      38%        2d13      8%          3
Z - Flame Wave            Conj/Fire      19%        2d7       26%         4
Your spell library was empty.

Inventory:

Armour
 a - a +0 robe (worn)
 f - a scarf of shadows (worn)
 m - a +0 helmet
Jewellery
 d - a +6 ring of dexterity
 e - an amulet of the acrobat (around neck)
 C - a ring of ice
 D - a +6 ring of dexterity (right hand)
 N - a ring of positive energy (left hand)
Scrolls
 b - a scroll of fear {unknown}
 c - 3 scrolls of identify {unknown}
 i - a scroll of enchant weapon {unknown}
Potions
 g - a potion of lignification {unknown}
 h - a potion of heal wounds {unknown}
 j - a potion of brilliance {unknown}
 k - a potion of magic {unknown}
 l - 2 potions of curing {@q1}

Dungeon Overview and Level Annotations

Branches:
Dungeon (3/15)

Altars:

Shops:
D:1 *

Annotations:
D:2 1 runed translucent door, Crazy Yiuf

#.......# ###### ####
#.......+ ...!.. ...#
#.......# #.#.▒▒▒▒▒.
...####.......###..▒▒...▒▒
...'..........#....▒.....▒
...####.....).))...▒.....▒
...# #........▒'▒.▒.....▒
...## #.......▒▒)▒▒▒'...▒▒
....# #.......▒[@f'.▒▒▒'▒.
###.# #######.▒▒†▒▒▒†▒▒..#
. #.# #..▒▒▒▒▒..▒▒.# # #.#
##....▒).?.▒.. #.#
####.+.).[▒.. #.#######
#.▒▒!.▒▒.. #.......#
...▒▒▒▒... #######.# #####
#.#


You could see a sleepcap (combustible).


Message History

Unknown command.
Casting: Foxfire (safe; 2% risk of failure)
Press: ? - help, Q - select action, (/) - cycle Dir - look around, f - activate You conjure some foxfire!
* * * LOW HITPOINT WARNING * * *
The sleepcap releases spores at you!
* * * LOW HITPOINT WARNING * * *
You feel better.
The sleepcap is no longer more vulnerable to fire.
The foxfire hits the sleepcap but does no damage.
The sleepcap is severely damaged.
The foxfire hits the sleepcap but does no damage.
The sleepcap is severely damaged.
The sleepcap misses you.
Casting: Foxfire (safe; 2% risk of failure)
Confirm with . or Enter, or press ? or * to list all spells.
Flames lash the sleepcap.
The sleepcap is severely damaged.
The sleepcap's fire resistance burns away.
* * * LOW HITPOINT WARNING * * *
The sleepcap releases spores at you.
* * * LOW HITPOINT WARNING * * *
Casting: Scorch (safe; 4% risk of failure)
Confirm with . or Enter, or press ? or * to list all spells.
You miscast Scorch.
You are very lightly contaminated with residual magic.
Nothing appears to happen.
* * * LOW HITPOINT WARNING * * *
The sleepcap releases spores at you.
You die...

Skill      XL: |  1  2  3  4 |
---------------+-------------+-----
Spellcasting   | 4 |  4.0
Conjurations   | 4 |  4.0
Hexes          | 4 |  4.0
Summonings     | 4 |  4.0
Necromancy     | 4 |  4.0
Translocations | 4 |  4.0
Fire Magic     | 4 |  4.0
Ice Magic      | 4 |  4.0
Air Magic      | 4 |  4.0
Earth Magic    | 4 |  4.0
Alchemy        | 4 |  4.0
Fighting       | 1 2 |  2.9
Dodging        | |  2.1
Stealth        | |  1.5

Action                     |  1- 3 |  4- 6 || total
---------------------------+-------+-------++-------
   Cast: Foxfire           |    65 |    40 ||   105
         Scorch            |     9 |    10 ||    19
    Use: Potion            |       |     2 ||     2
 Armour: Robe              |     2 |    12 ||    14
  Dodge: Dodged            |     4 |    14 ||    18

Levels and vault maps discovered:
D:1:      evilmike_arrival_plus, layout_loops_ring,
          shapermc_ecumenical_altar_gd, serial_shops, shop,
          nicolae_twisty_statue_hallways
D:2:      layout_basic, uniq_crazy_yiuf_cottage
D:3:      layout_basic, minmay_joined_circles, uniq_robin

Notes
Turn   | Place    | Note
-------+----------+-------------------------------------------
     0 | D:1      | Drazool the Djinni Fire Elementalist began the quest for
                  | the Orb.
     0 | D:1      | Drazool set off with the following spells memorised:
                  | Foxfire, Scorch, Volatile Blastmotes, Inner Flame, Flame
                  | Wave.
     0 | D:1      | Reached XP level 1. HP: 15/15 MP: 0/0
   125 | D:1      | Found Laweh's General Store.
   132 | D:1      | Reached XP level 2. HP: 18/21 MP: 0/0
   359 | D:1      | Found a faded altar of an unknown god.
   466 | D:1      | Reached XP level 3. HP: 23/25 MP: 0/0
   466 | D:1      | Learned a level 1 spell: Magic Dart
  1074 | D:2      | Reached skill level 4 in Spellcasting
  1074 | D:2      | Reached skill level 4 in Conjurations
  1074 | D:2      | Reached skill level 4 in Hexes
  1074 | D:2      | Reached skill level 4 in Summonings
  1074 | D:2      | Reached skill level 4 in Necromancy
  1074 | D:2      | Reached skill level 4 in Translocations
  1074 | D:2      | Reached skill level 4 in Fire Magic
  1074 | D:2      | Reached skill level 4 in Ice Magic
  1074 | D:2      | Reached skill level 4 in Air Magic
  1074 | D:2      | Reached skill level 4 in Earth Magic
  1074 | D:2      | Reached skill level 4 in Alchemy
  1427 | D:2      | Found a runed translucent door.
  1428 | D:2      | Noticed Crazy Yiuf
  1481 | D:2      | Reached skill level 1 in Fighting
  1481 | D:2      | Reached XP level 4. HP: 30/32 MP: 0/0
  1997 | D:3      | Reached skill level 2 in Fighting
  2271 | D:3      | Noticed Robin
  2285 | D:3      | Killed Robin
  2288 | D:3      | Reached XP level 5. HP: 32/39 MP: 0/0
  2288 | D:3      | Learned a level 2 spell: Mercury Vapours
  2367 | D:3      | Slain by a sleepcap

Vanquished Creatures
  Robin (D:3)
  2 adders
  3 dart slugs
  3 ribbon worms
  4 ball pythons
  4 endoplasms
  2 giant cockroaches (D:1)
  17 goblins
  A hobgoblin (D:2)
  5 kobolds
  8 bats
  6 frilled lizards
  7 rats
63 creatures vanquished.

Vanquished Creatures (collateral kills)
  A foxfire (D:1)
1 creature vanquished.

Vanquished Creatures (others)
  175 foxfires
175 creatures vanquished.

Grand Total: 239 creatures vanquished

Table legend: (Time is in decaauts)
 A = Elapsed time spent in this place.
 B = Non-inter-level travel time spent in this place.
 C = Inter-level travel time spent in this place.
 D = Time resting spent in this place.
 E = Time spent auto-exploring this place.
 F = Levels seen in this place.
 G = Mean time per level.
                   A        B        C        D        E       F      G
               +--------+--------+--------+--------+--------+-----+--------+
         Total |   2365 |   2294 |     71 |    125 |   1801 |   3 |  788.3 |
       Dungeon |   2365 |   2294 |     71 |    125 |   1801 |   3 |  788.3 |
               +--------+--------+--------+--------+--------+-----+--------+

Top non-repeatable levels by time:
     D:2: 959 daAuts
     D:1: 917 daAuts
     D:3: 488 daAuts

Table legend:
 A = Non-vault XP
 B = Vault XP
 C = Vault XP percentage of total XP
 D = Non-vault monster count
 E = Vault monster count
 F = Vault count percentage of total count
                 A         B        C        D         E       F
            +---------+---------+-------+---------+---------+-------
      Total |      88 |      62 |  41.3 |      45 |      18 |  28.6
            +---------+---------+-------+---------+---------+-------
        D:1 |      40 |       0 |   0.0 |      26 |       0 |   0.0
        D:2 |      37 |       0 |   0.0 |      14 |       0 |   0.0
        D:3 |      11 |      62 |  84.9 |       5 |      18 |  78.3
            +---------+---------+-------+---------+---------+-------
